AoeStats
← snowttle

Arena

508445725Analyzed
4v4 RM · 10d ago on Sep 22, 2026· 46m 0s· 8 players
Game mode
Random Map
Map size
Large (8 player)
Population
200
Speed
Normal
Resources
Standard
Victory
Conquest
Starting age
Dark Age
Ending age
Imperial Age
RankedLock teamsTeams togetherTeam positionsShared explorationLock speedFull tech treeHidden civsTurbo modeCheats
Victory
Defeat
🇭🇰 Mongols · Hong Kong SAR China
1125
+13
🇳🇱 Malay · Netherlands
1118
+13
🇭🇰 Khmer · Hong Kong SAR China
1112
+14
🇭🇰 Bohemians · Hong Kong SAR China
1090
+14
🇳🇵 Mongols · Nepal
1114
-15
🇹🇼 Spanish · Taiwan
1056
-14
🇭🇰 Tatars · Hong Kong SAR China
1050
-13
🇵🇰 Burgundians · Pakistan
1016
-12
ecct
10:53 Feudal Age
12:04 Double-Bit Axe
15:17 Castle Age
13:35 Horse Collar
13:49 Horse Collar
15:31 Wheelbarrow
16:19 Bow Saw
17:59 Loom
22:38 Heavy Plow
23:04 Hand Cart
24:16 Town Watch
25:26 Stone Mining
26:17 Gold Mining
AB8
10:56 Feudal Age
14:34 Castle Age
13:18 Double-Bit Axe
13:41 Horse Collar
14:56 Loom
16:16 Bow Saw
22:50 Heavy Plow
23:45 Padded Archer Armor
25:22 Fletching
28:20 Bodkin Arrow
31:40 Imperial Age
29:48 Leather Archer Armor
29:33 Gold Mining
29:34 Stone Mining
30:58 Bloodlines
30:49 Husbandry
31:18 Scale Barding Armor
31:59 Wheelbarrow
32:06 Forging
32:21 Ballistics
32:34 Sanctity
32:47 Conscription
33:03 Chain Barding Armor
33:25 Cavalier
35:07 Hand Cart
37:08 Supremacy
38:10 Town Watch
39:02 Light Cavalry
39:05 Paladin
41:05 Chemistry
40:23 Fervor
41:08 Plate Barding Armor
41:11 Iron Casting
41:35 Pikeman
NSN WAJID
7:08 Double-Bit Axe
9:56 Stone Mining
9:56 Gold Mining
10:14 Horse Collar
12:28 Wheelbarrow
11:38 Loom
14:17 Feudal Age
12:35 Loom
17:33 Bow Saw
18:01 Gold Shaft Mining
18:03 Stone Shaft Mining
17:29 Heavy Plow
19:57 Castle Age
19:32 Hand Cart
25:24 Scale Barding Armor
29:37 Two-Man Saw
30:05 Crop Rotation
29:06 Pikeman
30:53 Chain Barding Armor
30:43 Forging
31:16 Scale Mail Armor
37:25 Imperial Age
35:46 Chain Mail Armor
36:06 Iron Casting
37:25 Halberdier
41:28 Plate Mail Armor
snowttle
9:21 Feudal Age
14:17 Castle Age
12:36 Double-Bit Axe
13:17 Loom
14:08 Wheelbarrow
22:20 Gold Mining
22:12 Horse Collar
22:43 Bow Saw
24:10 Fletching
24:22 Padded Archer Armor
26:57 Hand Cart
31:34 Gold Shaft Mining
31:41 Husbandry
31:52 Bloodlines
34:16 Imperial Age
32:23 Ballistics
33:48 Bodkin Arrow
34:08 Leather Archer Armor
33:59 Scale Barding Armor
33:21 Light Cavalry
34:50 Heavy Plow
36:00 Chemistry
35:03 Bracer
35:42 Conscription
35:25 Heavy Camel Rider
36:11 Elite Mangudai
39:24 Hussar
AM830 MK
12:18 Feudal Age
13:40 Feudal Age
16:22 Castle Age
14:25 Double-Bit Axe
14:24 Horse Collar
17:35 Bow Saw
24:35 Husbandry
28:18 Wheelbarrow
27:29 Town Watch
29:31 Bloodlines
32:18 Imperial Age
30:50 Ballistics
31:44 Forging
31:39 Scale Barding Armor
31:57 Hand Cart
32:29 Tusk Swords
33:25 Conscription
33:48 Gold Mining
35:31 Chain Barding Armor
35:53 Iron Casting
35:32 Elite Battle Elephant
37:34 Plate Barding Armor
Theurarthur
12:09 Feudal Age
15:48 Castle Age
13:54 Double-Bit Axe
14:02 Horse Collar
21:01 Crossbowman
22:10 Loom
23:01 Wheelbarrow
22:12 Town Watch
24:17 Bow Saw
24:36 Heavy Plow
27:26 Gold Mining
31:48 Imperial Age
31:26 Gold Shaft Mining
30:51 Fletching
32:57 Chemistry
32:09 Bodkin Arrow
32:15 Padded Archer Armor
33:29 Scale Barding Armor
33:53 Conscription
34:00 Leather Archer Armor
35:09 Bracer
38:36 Husbandry
38:48 Forging
41:22 Iron Casting
42:11 Pikeman
43:37 Elite Battle Elephant
cancelrebook
7:21 Loom
10:51 Feudal Age
16:57 Castle Age
14:45 Horse Collar
14:52 Double-Bit Axe
15:26 Gold Mining
17:01 Fletching
23:20 Town Watch
25:30 Wheelbarrow
25:41 Bow Saw
26:28 Heavy Plow
30:39 Hand Cart
30:25 Stone Mining
34:48 Imperial Age
32:32 Nomads
33:40 Padded Archer Armor
33:35 Bodkin Arrow
33:47 Scale Barding Armor
34:07 Ballistics
33:58 Masonry
33:59 Fortified Wall
35:18 Leather Archer Armor
34:54 Heavy Scorpion
34:57 Capped Ram
36:48 Chemistry
37:13 Gold Shaft Mining
37:14 Stone Shaft Mining
37:06 Drill
37:08 Conscription
36:39 Siege Ram
37:51 Pikeman
38:32 Squires
38:18 Arson
40:16 Bracer
40:27 Forging
ArTung
0:26 Loom
11:10 Feudal Age
15:16 Castle Age
15:45 Double-Bit Axe
16:47 Horse Collar
19:22 Fervor
20:05 Town Watch
21:55 Wheelbarrow
27:48 Imperial Age
28:04 Chemistry
27:29 Fletching
29:18 Ballistics
32:21 Conscription
32:20 Heavy Plow
34:20 Bow Saw
34:27 Elite Skirmisher
35:05 Bodkin Arrow
35:10 Padded Archer Armor
34:58 Crossbowman
36:06 Fortified Wall
37:12 Bracer
37:28 Leather Archer Armor
37:15 Arbalester
42:15 Two-Man Saw
42:06 Ring Archer Armor
44:21 Houfnice
Connection lost

Rejoining the realm…

Still unreachable

The connection could not be restored.

Session expired

The server has moved on; the page needs a fresh start.